 Dungeon Crawl Stone Soup version 0.21.1-1-g345015f (webtiles) character file.

39 inc the Skirmisher (level 3, 19/19 HPs)
             Began as a Felid Fighter on Apr 22, 2018.
             Quit the game on level 3 of the Dungeon.
             The game lasted 00:01:56 (1505 turns).

inc the Skirmisher (Felid Fighter)                  Turns: 1505, Time: 00:01:56

Health: 19/19      AC:  1    Str: 13    XL:     3   Next: 26%
Magic:  4/4        EV: 19    Int:  9    God:
Gold:   52         SH:  0    Dex: 15    Spells: 2/2 levels left
                                        Lives:  0   Deaths: 1

rFire    . . .     SeeInvis +     - Unarmed
rCold    . . .     Gourm    .   (shield unavailable)
rNeg     . . .     Faith    .   (armour unavailable)
rPois    .         Spirit   .   (helmet unavailable)
rElec    .         Reflect  .   (cloak unavailable)
rCorr    .         Harm     .   (gloves unavailable)
MR       .....     Rnd*Tele +   (boots unavailable)
Stlth    +.........             (no amulet)
HPRegen  0.06/turn              d - ring of loudness (curse)
MPRegen  0.09/turn              k - ring of teleportation (curse)

@: quick
A: very small, no armour, no weapons or thrown items, stealth, claws 1, fangs 3,
see invisible, carnivore, speed 1, shaggy fur 1, slow metabolism 1, sharp paws
a: no special abilities


You were on level 3 of the Dungeon.
You were not hungry.

You visited 1 branch of the dungeon, and saw 3 of its levels.

You collected 52 gold pieces.

Inventory:

Jewellery
 d - a cursed ring of loudness (left paw)
 k - a cursed ring of teleportation (right paw)
Potions
 a - a potion of might
 g - 2 potions of flight
 i - a potion of heal wounds
Comestibles
 b - 5 rations


   Skills:
 + Level 5.0 Fighting
 - Level 4.0 Dodging
 - Level 4.2 Unarmed Combat


You had 2 spell levels left.
You didn't know any spells.

Dungeon Overview and Level Annotations

Branches:
Dungeon (3/15)

Altars:
Fedhas
Trog


Innate Abilities, Weirdness & Mutations

You cannot wear armour.
You are incapable of wielding weapons or throwing items.
Your paws allow you to move quietly. (Stealth)
You have sharp claws.
You have razor-sharp teeth.
You have supernaturally acute eyesight. (SInv)
You are carnivorous and can eat meat at any time.
You cover ground quickly.
You are covered in fur. (AC +1)
You have a slow metabolism.
Your sharp claws are effective at attacking unaware monsters.


Message History

You scratch the orc.
The orc is severely wounded.
The orc closely misses you.
You scratch the orc.
You kill the orc!
You completely miss the orc wizard.
The orc wizard is heavily wounded.
The orc wizard hits you with a dagger.
* * * LOW HITPOINT WARNING * * *
You scratch the orc wizard but do no damage.
The orc wizard is heavily wounded.
The orc wizard gestures at you while chanting.
The puff of frost hits you!
You die...
You are now level 3!
You rejoin the land of the living...
Unknown command.
It was a potion of curing.
You feel better.
It was a potion of heal wounds.
You feel much better.
Are you sure you want to abandon this character and quit the game? (Confirm with "yes".)

#o#.# #.#.# #.# ##
########.... #..
.#.#.....†og.#. #.#
.#.#.######.... #.# ....
.##....#
#.###.#.#.##........
#.....#.#.##........
#.#.###..@......##.#######
......†...).#.####.#
..#.#.#..)..#.# #.#
.........†...# #.#
####.#...<.#.## #.#
#.#........###.# #
###.......##.#
##.........#######
#...............(.


There were no monsters in sight!

Vanquished Creatures
  3 adders (D:2)
  5 worms (D:2)
  2 dart slugs (D:2)
  A leopard gecko (D:1)
  An orc (D:3)
  A giant cockroach (D:3)
  4 goblins
  6 hobgoblins
  A quokka (D:2)
  4 bats
  5 frilled lizards
  7 kobolds
  4 rats
44 creatures vanquished.

Notes
Turn   | Place    | Note
-------+----------+-------------------------------------------
     0 | D:1      | inc the Felid Fighter began the quest for the Orb.
     0 | D:1      | Reached XP level 1. HP: 10/10 MP: 2/2
   420 | D:1      | Reached XP level 2. HP: 10/14 MP: 3/3
   750 | D:2      | Reached skill level 4 in Fighting
   769 | D:2      | Reached XP level 3. HP: 14/18 MP: 4/4
  1243 | D:2      | Reached XP level 4. HP: 18/22 MP: 5/5
  1245 | D:2      | Found a bloodstained altar of Trog.
  1245 | D:2      | Found a blossoming altar of Fedhas.
  1490 | D:3      | Reached skill level 5 in Fighting
  1502 | D:3      | Killed from afar by an orc wizard
  1503 | D:3      | Reached XP level 3. HP: 0/19 MP: 4/4
  1505 | D:3      | Quit the game

Skill      XL: |  1  2  3  4 |
---------------+-------------+-----
Fighting       | 4 5 |  5.0
Dodging        | |  4.0
Unarmed Combat | |  4.2

Action                   |  1- 3 |  4- 6 || total
-------------------------+-------+-------++-------
Melee: Unarmed           |   111 |    37 ||   148
       Bite              |    11 |     1 ||    12
       Punch             |     1 |       ||     1
  Use: Potion            |     2 |       ||     2
       Scroll            |       |     5 ||     5
 Stab: Sleeping          |     3 |       ||     3
Armor: Skin              |     2 |     1 ||     3
Dodge: Dodged            |    78 |    17 ||    95
